 Dungeon Crawl Stone Soup version 0.25.1-8-g42b30a86e7 (webtiles) character file.

Game seed: 7951127183288935499

453 Clowwww the Chopper (level 7, -6/60 HPs)
             Began as a Hill Orc Fighter on Dec 5, 2020.
             Mangled by Edmund
             ... wielding a +6 dire flail of holy wrath
              (9 damage)
             ... on level 4 of the Dungeon.
             The game lasted 00:05:32 (3089 turns).

Clowwww the Chopper (Hill Orc Fighter)              Turns: 3089, Time: 00:05:32

Health: -6/60      AC:  7    Str: 21    XL:     7   Next: 5%
Magic:  7/7        EV:  8    Int:  8    God:
Gold:   129        SH:  9    Dex: 10    Spells: 6/6 levels left

rFire    . . .     SeeInvis .   a - +0 war axe
rCold    . . .     Gourm    .   c - +0 kite shield
rNeg     . . .     Faith    .   b - +0 scale mail
rPois    .         Spirit   .   (no helmet)
rElec    .         Reflect  .   (no cloak)
rCorr    .         Harm     .   (no gloves)
MR       .....                  (no boots)
Stlth    ..........             (no amulet)
HPRegen  0.20/turn              (no ring)
MPRegen  0.10/turn              (no ring)

@: very slow
A: no striking features
a: no special abilities


You were on level 4 of the Dungeon.
You were not hungry.

You visited 1 branch of the dungeon, and saw 4 of its levels.

You collected 129 gold pieces.

Inventory:

Hand Weapons
 a - a +0 war axe (weapon)
Armour
 b - a +0 scale mail (worn)
 c - a +0 kite shield (worn)
Jewellery
 g - an uncursed ring of fire {unknown}
 k - a +6 ring of intelligence {unknown}
Scrolls
 d - 2 scrolls of magic mapping
 o - a scroll of immolation {unknown}
 p - 4 scrolls of teleportation {unknown}
 r - 3 scrolls of identify {unknown}
 u - a scroll of fear {unknown}
Potions
 e - 2 potions of heal wounds
 i - 2 potions of stabbing {unknown}
 j - a potion of haste {unknown}
 l - a potion of magic {unknown}
 m - 4 potions of ambrosia {unknown}
 n - a potion of lignification {unknown}
 q - 3 potions of brilliance {unknown}
 s - 2 potions of curing {unknown}
 t - a potion of flight {unknown}
Comestibles
 f - 6 rations


   Skills:
 + Level 4.7 Fighting
 + Level 6.1 Axes
 + Level 4.9 Armour
 + Level 0.9 Dodging
 + Level 0.4 Stealth
 + Level 4.9 Shields


You had 6 spell levels left.
You didn't know any spells.
Your spell library contained the following spells:

 Spells                   Type           Power        Failure   Level  Hunger
 Animate Skeleton         Necr           N/A          99%         1    ##.....
 Apportation              Tloc           #.....       99%         1    ##.....
 Corona                   Hex            #......      99%         1    ##.....
 Summon Small Mammal      Summ           #...         99%         1    ##.....


Dungeon Overview and Level Annotations

Branches:
Dungeon (4/15)             Temple (0/1) D:4

Altars:

Annotations:
D:4 Edmund


Message History

Edmund grinds his teeth, and then sighs.
You closely miss the rat. You closely miss Edmund.
The rat splashes around in the water.
The rat bites you but does no damage.
You closely miss the rat. You hit Edmund.
Edmund hits you with a +6 dire flail of holy wrath!
The rat barely misses you.
Edmund splashes around in the water.
Your unstable footing causes you to fumble your attack.
The rat splashes around in the water.
Edmund hits you with a +6 dire flail of holy wrath!
* * * LOW HITPOINT WARNING * * *
You completely miss the rat. You hit Edmund but do no damage.
The rat barely misses you.
Edmund hits you with a +6 dire flail of holy wrath!
* * * LOW HITPOINT WARNING * * *
You slash the rat!
You kill the rat!
You slash Edmund!
You hear the slow rusting of a drain.
Edmund hits you with a +6 dire flail of holy wrath!
You die...

******* *,,,,,* ***+***,*
*,,,,,*,* ***,⌠,⌠,*,**
*,+,,>,,+,,*
*,*,⌠,⌠,*,,*#########
*,*,,,,,*,,##@†≈≈≈≈.#*
****,***+***,,#@#######.*
,,,,,,,,,,,,,,#o#≈,,≈**≈###
*********,,,,,#o#≈***≈*≈#.#
*,,,,,#o#≈*∩≈**≈#!#
*,,,,,#≈#≈*****≈#.#
***,**#≈#*,≈≈,,##.# *,*
#≈########.<# *,*
##≈≈o≈o≈)≈#.#


You could see Edmund and 3 orcs.

Vanquished Creatures
  Sigmund (D:1)
  A scorpion (D:4)
  Crazy Yiuf (D:2)
  An orc wizard (D:4)
  Jessica (D:2)
  A river rat (D:4)
  8 adders
  An ooze (D:2)
  An adder skeleton (D:4)
  A worm (D:2)
  A dart slug (D:1)
  A leopard gecko (D:4)
  2 orcs
  2 giant cockroaches
  5 goblins
  7 hobgoblins
  7 jackals
  7 kobolds
  2 quokkas (D:2)
  7 bats
  4 frilled lizards
  13 rats
75 creatures vanquished.

Notes
Turn   | Place    | Note
-------+----------+-------------------------------------------
     0 | D:1      | Clowwww the Hill Orc Fighter began the quest for the Orb.
     0 | D:1      | Reached XP level 1. HP: 19/19 MP: 1/1
    41 | D:1      | Reached XP level 2. HP: 27/27 MP: 2/2
   664 | D:2      | Reached skill level 3 in Axes
   676 | D:1      | Reached XP level 3. HP: 11/33 MP: 3/3
   975 | D:2      | Reached skill level 4 in Axes
   978 | D:2      | Reached XP level 4. HP: 5/40 MP: 4/4
  1288 | D:2      | Noticed Sigmund
  1349 | D:1      | Killed Sigmund
  1349 | D:1      | Reached skill level 5 in Axes
  1349 | D:1      | Reached XP level 5. HP: 10/47 MP: 5/5
  1349 | D:1      | Reached XP level 6. HP: 11/53 MP: 6/6
  1675 | D:2      | Noticed Jessica
  1683 | D:2      | Killed Jessica
  1824 | D:2      | Found a runed translucent door.
  1825 | D:2      | Noticed Crazy Yiuf
  1842 | D:2      | Killed Crazy Yiuf
  3028 | D:4      | Noticed Edmund
  3064 | D:4      | Reached skill level 6 in Axes
  3064 | D:4      | Reached XP level 7. HP: 43/60 MP: 7/7
  3088 | D:4      | HP: 2/60 [Edmund/+6 dire flail of holy wrath (11)]
  3089 | D:4      | Mangled by Edmund

Illustrated notes

Levels and vault maps discovered:
D:1:      lemuel_arrival_behind_the_door_large, layout_loops_cross
D:2:      layout_basic, first_ration, uniq_jessica, uniq_sigmund,
          uniq_crazy_yiuf_cottage
D:3:      layout_rooms
D:4:      layout_rooms, minmay_temple_entry_hall, gup_sewer_entry_spiral,
          serial_shops, kennysheep_little_box, uniq_edmund

Skill      XL: |  1  2  3  4  5  6 |
---------------+-------------------+-----
Axes           | 3 4 5 6 |  6.1
Fighting       | 4 |  4.7
Shields        | 4 |  4.9
Armour         | 4 |  4.9
Dodging        | |  0.9
Stealth        | |  0.4

Action                   |  1- 3 |  4- 6 |  7- 9 || total
-------------------------+-------+-------+-------++-------
Melee: War axe           |    80 |   157 |    10 ||   247
  Use: Potion            |     1 |     3 |     1 ||     5
       Scroll            |       |     1 |       ||     1
  Eat: Chunk             |       |     7 |       ||     7
Armor: Scale mail        |    43 |    75 |     3 ||   121
Dodge: Dodged            |    42 |    65 |     4 ||   111
Block: Kite shield       |    59 |    97 |     2 ||   158
